Unix NetHack Version 5.0.0-0 post-release - last build May 30 2026 05:04:26 (55804bc15828dd6e32e9076e0726aa6fccb6e981,branch:main).

Game began 2026-05-30 12:04:31, ended 2026-05-30 12:14:16.

Eymerich, chaotic male elven Priest

                                                         ---------------
                                                         |.?*).//%.]%![|
                                                         |.?!*?!!)%!?/?|
                                                        #-.=%+?/!%%%[..|
                                                        #|.*%?!/%[+).*!|
                                                        #---------------
                                                        #
                                                     ####
                                                   ###
                                                    ##
                                                    ##
                                                    ####-----
                                                    ####-...|       ---------
                                                     #  |...|     ##-.......|
                                                        |..<-#####  |.......|
                                                        |...|####   |.......|
                                                        -----#  ####|..%d...|
                                                         #####     #..d@F...|
                                                                    ---------

Eymerich the Acolyte         St:11 Dx:10 Co:13 In:9 Wi:19 Ch:13  Chaotic
Dlvl:4  $:112 HP:0(23) Pw:46(46) AC:7  Xp:3 T:823 

Latest messages:
 The werejackal hits!
 What do you want to use or apply? [ilq or ?*]
 Improvise? [ynq] (q)
 You start playing your bugle.
 You extract a loud noise from your bugle.
 The werejackal turns to flee.
 You hit the werejackal.
 The werejackal changes into a jackal.
 The werejackal's armor falls around it!
 The werejackal summons help!
 A jackal suddenly appears next to you!
 A jackal suddenly appears next to you!
 A jackal suddenly appears next to you!
 The werejackal bites!
 Pick a monster, object or location.
 You kill the werejackal!
 The jackal misses!
 The jackal bites!
 The jackal bites!
 You miss the jackal.
 The jackal bites!
 The jackal bites!
 The jackal bites!
 You miss the jackal.
 The jackal bites!
 The jackal bites!
 The jackal bites!
 You kill the jackal!
 Welcome to experience level 3.
 The jackal bites!
 The jackal bites!
 You miss the jackal.
 The jackal bites!
 The jackal bites!
 You miss the jackal.
 The jackal bites!
 The jackal bites!
 What do you want to use or apply? [ilq or ?*]
 Improvise? [ynq] (q)
 You start playing your bugle.
 You extract a loud noise from your bugle.
 The jackal turns to flee.
 The jackal turns to flee.
 The jackal bites!
 You die...
 Do you want your possessions identified? [ynq] (y)
 Do you want to see your attributes? [ynq] (y)
 Do you want an account of creatures vanquished? [ynaq] (y)
 Do you want to see your conduct and achievements? [ynq] (y)
 Do you want to see the dungeon overview? [ynq] (y)

Inventory:
 Coins    ('$')
  $ - 112 gold pieces
 Weapons  (')')
  a - a blessed +1 mace (weapon in left hand)
 Armor    ('[')
  c - a blessed +0 small shield (being worn)
  b - a +0 robe
  k - a +0 robe (being worn)
 Comestibles  ('%')
  e - a clove of garlic
  m - a food ration
  v - 2 food rations
  x - a fortune cookie
  n - 2 melons
  f - a sprig of wolfsbane
  r - a tin of spinach
  p - a lichen corpse
 Spellbooks  ('+')
  l - a blessed spellbook of cone of cold
  q - a spellbook of slow monster
 Potions  ('!')
  d - 4 potions of holy water
 Tools    ('(')
  i - a bugle

Eymerich the Priest's attributes:

Background:
 You were an Acolyte, a level 3 elven Priest.
 You were chaotic, on a mission for Huhetotl
 who was opposed by Quetzalcoatl (lawful) and Camaxtli (neutral).
 You were left-handed.
 You were in the Dungeons of Doom, on level 4.
 You entered the dungeon 823 turns ago.
 You had 40 experience points, 40 more were needed to attain level 4.

Basics:
 You had 0 out of 23 hit points.
 You had all 46 energy points (spell power).
 Your armor class was 7.
 Your wallet contained 112 zorkmids.
 Autopickup was off.

Final Characteristics:
 Your strength was 11 (limit:18).
 Your dexterity was 10 (limit:18).
 Your constitution was 13 (limit:16).
 Your intelligence was 9 (limit:20).
 Your wisdom was 19 (limit:20).
 Your charisma was 13 (limit:18).

Final Status:
 You weren't hungry.
 You were unencumbered.
 You were wielding a mace.
 You had basic skill with mace.

Final Attributes:
 You were devoutly aligned.
 You had infravision.
 You were guarded.
 Your spell casting was enhanced by wearing a robe.
 You are dead.

Miscellaneous:
 You didn't encounter any bones levels.
 Total elapsed playing time was 9 minutes and 44 seconds.

Major events:
 Turn
    1: Eymerich the chaotic elven Priest entered the dungeon
  820: attained the rank of Acolyte (level 3)
  823: killed by a jackal

Spells:
 Name                 Level Category     Fail Retention
 light                  1   clerical       0%  91%-100%
 remove curse           3   clerical       0%  91%-100%

Skills:
 Fighting Skills
   bare handed combat [Unskilled]
 Weapon Skills
   club               [Unskilled]
   mace               [Basic]
   morning star       [Unskilled]
   flail              [Unskilled]
   hammer             [Unskilled]
   quarterstaff       [Unskilled]
   polearms           [Unskilled]
   spear              [Unskilled]
   trident            [Unskilled]
   lance              [Unskilled]
   bow                [Unskilled]
   sling              [Unskilled]
   crossbow           [Unskilled]
   dart               [Unskilled]
   shuriken           [Unskilled]
   boomerang          [Unskilled]
   unicorn horn       [Unskilled]
 Spellcasting Skills
   healing spells     [Unskilled]
   divination spells  [Unskilled]
   clerical spells    [Basic]

Voluntary challenges:
 Character rerolling was not enabled.
 You were an atheist.
 You were illiterate.
 You never genocided any monsters.
 You never polymorphed an object.
 You never changed form.
 You used no wishes.
Achievements:
 You entered a shop.
 You attained the rank of Acolyte.

 The Dungeons of Doom: levels 1 to 4
    Level 1:
    Level 2:
       A fountain.
    Level 3:
       A grave.
    Level 4: <- You were here.
       A general store.
       Final resting place for
          you, killed by a jackal.


Vanquished creatures:
  a werejackal
  a large kobold
  5 jackals
  a kobold
  a goblin
  3 grid bugs
  a lichen
13 creatures vanquished.

No species were genocided or became extinct.

Game over:
                       ----------
                      /          \
                     /    REST    \
                    /      IN      \
                   /     PEACE      \
                  /                  \
                  |     Eymerich     |
                  |      112 Au      |
                  |   killed by a    |
                  |      jackal      |
                  |                  |
                  |                  |
                  |       2026       |
                 *|     *  *  *      | *
        _________)/\\_//(\/(/\)/\//\/|_)_______

Goodbye Eymerich the Priest...

You died in The Dungeons of Doom on dungeon level 4 with 411 points,
and 112 pieces of gold, after 823 moves.
You were level 3 with a maximum of 23 hit points when you died.

